Cogmind - Beta 14 @@@ ROGUE MODE // 2025.01.10 @ 14:10:10 Player: mm79 Result: Self-destructed Performance ------------- Evolutions (4) 2000 Regions Visited (8) 1600 Robots Destroyed (166) 830 Value Destroyed (5311) 5311 Prototype IDs (9) 180 Alien Tech Used (0) 0 Bonus (1672) 1672 TOTAL SCORE: 11593 Bonus ------- High Alert Combat Kills 669 Follower Combat Kills 328 Entered Garrisons 200 Used RIF Installer 500 Friendly Fire -25 Cogmind --------- Core Integrity 521/850 Matter 220/300 Energy 100/100 System Corruption 4% Temperature Hot (252) Movement Walking (260) Ox2 Location -6/Factory Parts ------- > --- POWER (1) -------- (None) > --- PROPULSION (4) --- Flexi-carbon Leg > --- UTILITY (7) ------ High-capacity Storage Unit Improved Trap Scanner Advanced Visual Processing Unit Improved Signal Interpreter > --- WEAPON (3) ------- (None) > --- INVENTORY (20) --- Improved Deuterium Engine Improved Deuterium Engine Angular Momentum Engine Advanced Heat Sink Energy Well (350) High-capacity Matter Pod (24) Improved Trap Scanner Advanced Signal Interpreter Heavy Armor Plating Hardened Medium Armor Plating Force Field Component Analysis Suite High-powered Tractor Beam Enhanced Autogun Precision Assault Rifle Katana Peak State ------------ > --- POWER ------------ Heavy Deuterium Engine > --- PROPULSION ------- Armored Treads Flexi-carbon Leg Armored Huge Wheel > --- UTILITY ---------- Advanced Heat Sink High-capacity Storage Unit Improved Trap Scanner Advanced Visual Processing Unit Improved Signal Interpreter Improved Shield Generator High-powered Tractor Beam > --- WEAPON ----------- Enhanced Autogun Assault Cannon Mini Assault Cannon > --- INVENTORY -------- Improved Deuterium Engine Improved Deuterium Engine Angular Momentum Engine Flexi-carbon Leg Improved Heat Sink Advanced Heat Sink High-capacity Matter Pod Improved Trap Scanner Heavy Armor Plating Hardened Medium Armor Plating System Shield Component Analysis Suite Precision Assault Rifle Improved Proton Missile Launcher Heavy Missile Launcher Long-range Missile Launcher Katana [Rating: 64] Favorites ----------- Power Cold Fusion Reactor Engine Heavy Deuterium Engine Reactor Cold Fusion Reactor Propulsion Armored Treads Treads Armored Treads Leg Flexi-carbon Leg Wheel Armored Huge Wheel Utility Large Storage Unit Device Improved Heat Sink Storage Large Storage Unit Processor Improved Signal Interpreter Hackware System Shield Protection Reactive Plating Weapon Assault Cannon Energy Gun Small Laser Ballistic Gun Enhanced Autogun Ballistic Cannon Assault Cannon Launcher Mini Grenade Launcher Special Weapon Mining Laser Slashing Weapon Katana Build | -11 -10 -10 -9 -9 -9 -8 -7 -6 ------- Run | Yrd Mat Min Mat Sto Gar Mat Fac Fac Slots Evolved 8 | . . . 2 . . 2 2 2 Power . | . . . . . . . . . Propulsion 2 | . . . . . . 1 . 1 Utility 5 | . . . 2 . . 1 1 1 Weapon 1 | . . . . . . . 1 . Parts Attached 164 | 6 14 2 25 20 5 25 44 23 Power 8 | . 2 . 1 4 . . 1 . Engine 7 | . 2 . 1 3 . . 1 . Core . | . . . . . . . . . Reactor 1 | . . . . 1 . . . . Propulsion 27 | 2 . 1 3 5 . 5 6 5 Treads 15 | 1 . 1 2 1 . 4 4 2 Leg 3 | . . . . . . . . 3 Wheel 9 | 1 . . 1 4 . 1 2 . Hover . | . . . . . . . . . Flight . | . . . . . . . . . Utility 67 | 2 2 . 8 7 1 12 25 10 Device 45 | 1 . . 3 5 . 7 21 8 Storage 5 | 1 2 . . . . . 2 . Processor 4 | . . . . 1 . 2 1 . Hackware 1 | . . . . . . . . 1 Protection 12 | . . . 5 1 1 3 1 1 Artifact . | . . . . . . . . . Weapon 62 | 2 10 1 13 4 4 8 12 8 Energy Gun 1 | . 1 . . . . . . . Energy Cannon . | . . . . . . . . . Ballistic Gun 28 | 2 4 1 6 2 2 4 3 4 Ballistic Cannon 13 | . 1 . 2 . . 3 6 1 Launcher 14 | . . . 5 2 2 1 1 3 Special Weapon 4 | . 4 . . . . . . . Impact Weapon . | . . . . . . . . . Slashing Weapon 2 | . . . . . . . 2 . Piercing Weapon . | . . . . . . . . . Special Melee Weapon . | . . . . . . . . . Unidentified Prototypes 5 | . . . . 3 . 1 1 . Parts Lost 28 | . 1 2 3 . . 4 3 15 Power 4 | . 1 . 1 . . . 1 1 Propulsion 6 | . . 1 . . . . . 5 Utility 9 | . . . 1 . . 2 1 5 Weapon 9 | . . 1 1 . . 2 1 4 Highest Loss Streak 11 | . 1 1 2 . . 4 2 11 To Critical Strikes 1 | . . . . . . . . 1 Average Slot Usage (%) 95 | . 90 100 99 100 100 99 91 90 Engine 4 | . 5 14 10 7 . . 1 5 Reactor 3 | . . . . 3 11 9 5 . Treads 10 | . 14 14 11 11 11 15 7 10 Wheel 9 | . 14 14 11 11 11 11 6 5 Device 18 | . 14 14 16 14 11 19 22 19 Storage 9 | . 14 14 11 11 11 9 7 6 Processor 6 | . . . . . . 6 13 13 Protection 7 | . . . 15 18 22 9 1 3 Ballistic Gun 9 | . 16 14 10 10 10 9 6 5 Ballistic Cannon 11 | . 7 14 11 11 11 8 14 12 Peak Build Rating 64 | 6 8 8 20 29 27 38 51 64 Average Rating 33 | 4 6 7 13 24 27 35 48 57 On Entrance 20 | . 6 8 8 20 25 27 37 50 Naked Turns . | . . . . . . . . . Heaviest Build 83 | 9 30 30 50 59 59 65 72 83 Greatest Support 60 | 10 10 10 20 16 12 60 60 40 Greatest Overweight (x) 5 | . 2 2 3 5 4 2 2 3 Average Overweight (x) 1 | . . 2 2 3 4 1 1 2 Largest Inventory Capacity 20 | 8 15 15 15 15 15 15 20 20 Average Capacity 15 | 7 10 15 15 15 15 15 16 20 Most Carried 20 | 6 12 14 15 15 15 15 15 20 Average Carried 13 | 4 9 12 13 14 15 14 14 16 Final Capacity 20 | 8 15 15 15 15 15 15 20 20 Final Carried 17 | 6 12 12 15 15 15 15 15 17 Class Distribution -------------------- 47% | Mutant 26% | Skirmisher 13% | Tank 8% | Commander-Mutant Dominant Class ---------------- Mutant | -10/Materials Mutant | -10/Mines Mutant | -9/Materials Mutant | -9/Storage Mutant | -9/Garrison Mutant | -8/Materials Skirmisher | -7/Factory Tank | -6/Factory Resources | -11 -10 -10 -9 -9 -9 -8 -7 -6 ----------- Run | Yrd Mat Min Mat Sto Gar Mat Fac Fac Matter Collected 5127 | 239 289 75 604 822 339 761 1236 762 Remotely 1125 | . . . . . . . 753 372 Salvage Created 4751 | 27 202 124 746 881 508 754 676 833 Parts 310 | 5 15 10 58 61 45 28 42 46 Haulers Intercepted 8 | . . . . 5 . 2 . 1 Recyclers Shooed 3 | . . . . 3 . . . . Parts Field Recycled . | . . . . . . . . . Retrieved Matter . | . . . . . . . . . Parts Self-Destructed . | . . . . . . . . . Prevented . | . . . . . . . . . Kills | -11 -10 -10 -9 -9 -9 -8 -7 -6 ------- Run | Yrd Mat Min Mat Sto Gar Mat Fac Fac Combat Hostiles Destroyed 136 | . 8 6 28 19 21 17 20 17 Guns 38 | . 2 3 7 8 6 7 4 1 Cannons 57 | . 6 3 8 7 7 7 12 7 AOE 41 | . . . 13 4 8 3 4 9 Classes Destroyed 18 | 1 3 1 5 3 . 1 1 3 Worker 9 | . . . 1 2 . . 1 5 Builder 2 | . . . . 1 . . . 1 Tunneler 1 | 1 . . . . . . . . Hauler 8 | . . . . 5 . 2 . 1 Recycler 3 | . . . . 1 . . . 2 Mechanic 2 | . . . 1 . . . . 1 Operator 1 | . . . . . . . . 1 Watcher 5 | . 1 . 2 . . 1 . 1 Swarmer 40 | . 3 3 7 4 12 3 4 4 Grunt 47 | . 5 2 12 8 2 8 7 3 Brawler 3 | . . . 1 . 1 . . 1 Duelist 2 | . . . 1 . . . 1 . Protector 1 | . . . . . . . . 1 Sentry 30 | . . . 7 7 6 5 4 1 Specialist 1 | . . . . . . . . 1 Hunter 8 | . . . . . . 1 1 6 Programmer 3 | . . . . . . . 3 . Assembled 1 | . . 1 . . . . . . Best Kill Streak 10 | 1 3 3 9 6 10 4 5 9 Combat Bots Only 10 | . 2 3 8 4 10 4 5 5 Max Kills in Single Turn 6 | 1 1 2 4 3 4 3 3 6 Gunslinging . | . . . . . . . . . Exploded 4 | . . . 3 3 4 3 3 3 Melee . | . . . . . . . . . Uniques/NPCs Destroyed . | . . . . . . . . . Combat | -11 -10 -10 -9 -9 -9 -8 -7 -6 -------- Run | Yrd Mat Min Mat Sto Gar Mat Fac Fac Hostile Shots Fired 747 | . 34 32 89 66 56 99 142 229 Missed 245 | . 11 10 20 18 18 24 51 93 Damage Taken 6997 | . 323 203 961 610 426 1123 1199 2152 Core 951 | . 50 49 139 124 38 130 92 329 Absorbed by Shields 562 | . . . . . . . 209 353 Ignored by Resistances 219 | . . . . 55 64 60 40 . Regen/Repaired (Parts) 254 | . . . . . . . 254 . Core Remaining (%) 69 | 100 . 60 . . 24 76 86 . Volleys Fired 371 | 1 35 13 59 66 34 64 57 42 Largest 3 | 2 2 2 2 2 2 2 3 3 Hottest 130 | 40 100 55 67 67 67 74 117 130 Shots Fired 784 | 2 61 26 110 122 61 123 162 117 Gun 339 | 2 27 13 49 56 31 70 55 36 Cannon 412 | . 25 13 51 62 27 52 106 76 Launcher 24 | . . . 10 4 3 1 1 5 Special 9 | . 9 . . . . . . . Kinetic 751 | 2 52 26 100 118 58 122 161 112 Thermal 9 | . 9 . . . . . . . Explosive 23 | . . . 10 4 3 1 1 4 Electromagnetic 1 | . . . . . . . . 1 Robot Hit Streak 31 | 1 6 5 27 31 5 14 14 7 Robot Miss Streak 7 | . 3 7 3 2 5 3 5 7 Penetration Max . | . . . . . . . . . Secondary Targets . | . . . . . . . . . Shots Hit Robots 502 | 1 33 13 83 91 31 83 93 74 Core Hits 265 | 1 16 10 46 39 25 34 36 58 Critical Kills 1 | . . . . . . . . 1 Critical Parts Destroyed . | . . . . . . . . . Critical Strikes 12 | . . . 2 2 . 1 3 4 Destroy 2 | . . . . . . 1 . 1 Blast 10 | . . . 2 2 . . 3 3 Melee Attacks 6 | . . . . . . . 6 . Impact . | . . . . . . . . . Slashing 6 | . . . . . . . 6 . Piercing . | . . . . . . . . . Sneak Attacks . | . . . . . . . . . Combat Hostiles . | . . . . . . . . . Follow-up Attacks . | . . . . . . . . . Damage Inflicted 14598 | 10 456 231 2401 2157 901 1768 2323 4351 Guns 3560 | 10 147 85 540 760 256 794 605 363 Cannons 6159 | . 309 146 679 1136 357 791 1407 1334 Explosions 4871 | . . . 1174 261 288 183 311 2654 Melee . | . . . . . . . . . Ramming 8 | . . . 8 . . . . . Kinetic 9719 | 10 456 231 1219 1896 613 1585 2012 1697 Thermal 669 | . . . . . . . . 669 Explosive 4070 | . . . 1174 261 288 183 311 1853 Electromagnetic 132 | . . . . . . . . 132 Impact . | . . . . . . . . . Slashing . | . . . . . . . . . Piercing . | . . . . . . . . . Highest Corruption 4 | . . . . . . . 4 4 Average Corruption 2 | . . . . . . . 2 2 Corruption Purged 4 | . . . . . . . 4 . Corruption Blocked . | . . . . . . . . . Effects 47 | . . . . . . . 46 1 Message Errors 10 | . . . . . . . 10 . Matter Fused 13 | . . . . . . . 13 . Heat Flow Errors 7 | . . . . . . . 6 1 Energy Discharges 4 | . . . . . . . 4 . Parts Fused 1 | . . . . . . . 1 . Data Loss (minor) 5 | . . . . . . . 5 . Data Loss (major) 3 | . . . . . . . 3 . Misfires 2 | . . . . . . . 2 . Alerts 1 | . . . . . . . 1 . Weapon Failures 1 | . . . . . . . 1 . Overload Shots . | . . . . . . . . . Overflow Damage 299 | . 8 . 8 19 6 21 47 190 Projectiles 118 | . 8 . . 19 6 21 34 30 Explosions 181 | . . . 8 . . . 13 160 Melee . | . . . . . . . . . Knockbacks 56 | . 3 2 1 9 . 12 17 12 Impact . | . . . . . . . . . Kinetic 49 | . 3 2 1 6 . 9 17 11 Secondary 7 | . . . . 3 . 3 . 1 Self-Inflicted Damage 195 | . . . 33 20 . . . 142 Shots 5 | . . . 2 1 . . . 2 Rammed 1 | . . . 1 . . . . . Targets Rammed 1 | . . . 1 . . . . . Kicked . | . . . . . . . . . Crushed . | . . . . . . . . . Highest Temperature 206 | . 35 29 162 50 29 41 206 200 Average Temperature 23 | . 8 9 54 8 3 10 35 30 Received Heat Transfer 2256 | . 198 96 309 285 171 540 274 383 Siege Activations . | . . . . . . . . . Robots Corrupted . | . . . . . . . . . Combat Hostiles . | . . . . . . . . . Parts Fried . | . . . . . . . . . Impact Corruptions . | . . . . . . . . . Robots Melted . | . . . . . . . . . Combat Hostiles . | . . . . . . . . . Parts Melted . | . . . . . . . . . Heat Transferred 450 | . . . . . . . . 450 Parts Sabotaged . | . . . . . . . . . Parts Stolen . | . . . . . . . . . Parts Stripped . | . . . . . . . . . Power Chain Reactions . | . . . . . . . . . Alert | -11 -10 -10 -9 -9 -9 -8 -7 -6 ------- Run | Yrd Mat Min Mat Sto Gar Mat Fac Fac Peak Influence 1003 | 5 216 209 745 646 1003 718 476 498 Initial 488 | . 3 69 77 189 419 488 173 233 Average 321 | 2 92 169 525 427 696 494 205 297 Maximum Alert Level 3 | . 1 1 3 2 3 3 2 2 Low Security (%) 37 | 100 99 87 6 5 . . 54 24 Level 1 25 | . . 12 10 24 . 30 36 47 Level 2 33 | . . . 79 69 50 58 9 27 Level 3 4 | . . . 3 . 49 11 . . Level 4 . | . . . . . . . . . Level 5 . | . . . . . . . . . High Security . | . . . . . . . . . Max Security . | . . . . . . . . . Squads Dispatched 24 | . 3 . 4 3 . 3 10 1 Investigation 11 | . 2 . . 1 . 1 6 1 Extermination 3 | . . . . . . . 3 . Reinforcement 7 | . 1 . 2 1 . 2 1 . Assault 2 | . . . 2 . . . . . Garrison 1 | . . . . 1 . . . . Intercept . | . . . . . . . . . Searches Triggered . | . . . . . . . . . Construction Impeded 1 | . . . 1 . . . . . Haulers Reinforced . | . . . . . . . . . Active Scanning Responses . | . . . . . . . . . Cargo Convoy Interrupts 1 | . . . . . . . . 1 Stealth | -11 -10 -10 -9 -9 -9 -8 -7 -6 --------- Run | Yrd Mat Min Mat Sto Gar Mat Fac Fac Distress Signals 15 | . 6 . 3 . . 3 2 1 Communications Jammed . | . . . . . . . . . Distress Signals . | . . . . . . . . . Times Spotted 220 | . 23 6 32 35 28 26 41 29 Peak Tracking Total 13 | . 3 3 5 4 5 7 5 13 Tactical Retreats 15 | . 4 . . 2 1 2 5 1 Traps | -11 -10 -10 -9 -9 -9 -8 -7 -6 ------- Run | Yrd Mat Min Mat Sto Gar Mat Fac Fac Traps Triggered 14 | . . . . . 3 2 7 2 Indirectly 1 | . . . . . . . . 1 Trap Hack Attempts . | . . . . . . . . . Triggered . | . . . . . . . . . Disarmed . | . . . . . . . . . Reprogrammed . | . . . . . . . . . Reused . | . . . . . . . . . Traps Extracted . | . . . . . . . . . Installed . | . . . . . . . . . Triggered . | . . . . . . . . . Machines | -11 -10 -10 -9 -9 -9 -8 -7 -6 ---------- Run | Yrd Mat Min Mat Sto Gar Mat Fac Fac Machines Disabled 21 | . . 1 . 5 . 3 2 10 Max in Single Turn 8 | . . 1 . 1 . 1 1 8 Garrison Access 5 | . . . . . . 1 3 1 Machines Repaired . | . . . . . . . . . Machines Dismantled . | . . . . . . . . . Machines Sabotaged . | . . . . . . . . . Overloaded Fab Kills . | . . . . . . . . . Hacking | -11 -10 -10 -9 -9 -9 -8 -7 -6 --------- Run | Yrd Mat Min Mat Sto Gar Mat Fac Fac Machines Accessed 60 | . 8 . 4 13 1 12 17 5 Terminals 43 | . 6 . 4 10 1 9 9 4 Fabricators . | . . . . . . . . . Repair Stations 1 | . . . . . . . 1 . Recycling Units 8 | . 2 . . 2 . . 4 . Scanalyzers 2 | . . . . . . 2 . . Garrison Access 6 | . . . . 1 . 1 3 1 Total Hacks 156 | . 24 . 15 31 2 31 38 15 Successful 81 | . 15 . 6 21 . 16 17 6 Failed 75 | . 9 . 9 10 2 15 21 9 Catastrophic 11 | . . . 1 1 1 3 3 2 Database Lockouts . | . . . . . . . . . Manual 94 | . 24 . 5 14 . 18 24 9 Terminals 120 | . 21 . 15 25 2 26 18 13 Fabricators . | . . . . . . . . . Repair Stations 3 | . . . . . . . 3 . Recycling Units 16 | . 3 . . 4 . . 9 . Scanalyzers 3 | . . . . . . 3 . . Garrison Access 14 | . . . . 2 . 2 8 2 Terminal Hacks 28 | . 2 . 4 12 . 7 1 2 Record 1 | . . . . . . . . 1 Robot Analysis 1 | . 1 . . . . . . . Open Door 5 | . . . . 5 . . . . Branch Access Points 1 | . . . . . . 1 . . Terminal Index 3 | . 1 . . 1 . 1 . . Alert Level 2 | . . . . 2 . . . . Unreport Threat 6 | . . . 1 2 . 2 . 1 Locate Traps 6 | . . . 2 1 . 2 1 . Dispatch Records 1 | . . . . 1 . . . . Hauler Manifests 2 | . . . 1 . . 1 . . Fabricator Hacks . | . . . . . . . . . Repair Station Hacks 2 | . . . . . . . 2 . Scan Component 1 | . . . . . . . 1 . Repair 1 | . . . . . . . 1 . Recycling Unit Hacks 1 | . . . . 1 . . . . Report Inventory 1 | . . . . 1 . . . . Scanalyzer 2 | . . . . . . 2 . . Insert Component 2 | . . . . . . 2 . . Garrison Access Hacks 6 | . . . . 1 . 1 3 1 Unlock Access 1 | . . . . 1 . . . . Seal Access 5 | . . . . . . 1 3 1 Unauthorized Hacks 42 | . 13 . 2 7 . 6 11 3 Terminals 25 | . 10 . 2 4 . 5 2 2 Track 3 | . 2 . 1 . . . . . Botnet 13 | . 2 . 1 2 . 4 2 2 Operators 3 | . 1 . . 1 . 1 . . Skim 6 | . 5 . . 1 . . . . Fabricators . | . . . . . . . . . Repair Stations . | . . . . . . . . . Recycling Units 13 | . 3 . . 2 . . 8 . Reject 6 | . 1 . . 1 . . 4 . Tunnel 7 | . 2 . . 1 . . 4 . Scanalyzers . | . . . . . . . . . Garrison Access 4 | . . . . 1 . 1 1 1 Watchers 4 | . . . . 1 . 1 1 1 Data Cores Recovered 1 | . . . . . . . . 1 Used . | . . . . . . . . . Hacking Detections 48 | . 6 . 4 11 1 9 13 4 Full Trace Events 5 | . . . . 1 1 . 2 1 Feedback Events . | . . . . . . . . . Feedback Blocked . | . . . . . . . . . Robot Schematics Acquired . | . . . . . . . . . Robots Built . | . . . . . . . . . Authchips . | . . . . . . . . . Time . | . . . . . . . . . Total Robot Build Rating . | . . . . . . . . . Part Schematics Acquired . | . . . . . . . . . Parts Built . | . . . . . . . . . Authchips . | . . . . . . . . . Time . | . . . . . . . . . Total Part Build Rating . | . . . . . . . . . Parts Repaired 1 | . . . . . . . 1 . Time 38 | . . . . . . . 38 . Parts Recycled . | . . . . . . . . . Recycled Matter . | . . . . . . . . . Retrieved Matter . | . . . . . . . . . Retrieved Components . | . . . . . . . . . Parts Scanalyzed . | . . . . . . . . . Part Schematics Acquired . | . . . . . . . . . Parts Damaged . | . . . . . . . . . Bothacking | -11 -10 -10 -9 -9 -9 -8 -7 -6 ------------ Run | Yrd Mat Min Mat Sto Gar Mat Fac Fac Used RIF Installer 1 | . . . . . 1 . . . Robots Hacked . | . . . . . . . . . Non-combat . | . . . . . . . . . Combat . | . . . . . . . . . Robot Hacks Applied . | . . . . . . . . . Relay Couplers Released . | . . . . . . . . . Fabnet Peak Effective % . | . . . . . . . . . Robots Rewired . | . . . . . . . . . Allies Hacked . | . . . . . . . . . Hacks Repelled . | . . . . . . . . . Allies | -11 -10 -10 -9 -9 -9 -8 -7 -6 -------- Run | Yrd Mat Min Mat Sto Gar Mat Fac Fac Total Allies 10 | . . . . 10 . . . . Largest Group 10 | . . . . 10 9 . . . Highest-Rated Group 88 | . . . . 88 80 . . . Highest-Rated Ally 16 | . . . . 16 16 . . . Total Orders 5 | . . . . 2 . 3 . . EXPLORE 3 | . . . . 2 . 1 . . RETURN 2 | . . . . . . 2 . . Ally Attacks 114 | . . . . 65 49 . . . Total Damage 981 | . . . . 516 465 . . . Kills 16 | . . . . 9 7 . . . Allies Corrupted . | . . . . . . . . . Allies Melted . | . . . . . . . . . Intel | -11 -10 -10 -9 -9 -9 -8 -7 -6 ------- Run | Yrd Mat Min Mat Sto Gar Mat Fac Fac Robot Analysis Total 1 | . 1 . . . . . . . Derelict Logs Recovered 1 | . . 1 . . . . . . Drone Launches 4 | . . . . 2 . 2 . . Drone Recoveries 2 | . . . . . . 2 . . Exploration | -11 -10 -10 -9 -9 -9 -8 -7 -6 ------------- Run | Yrd Mat Min Mat Sto Gar Mat Fac Fac Turns Passed 9413 | 61 1148 363 834 1404 475 1225 3004 899 Spaces Moved 5748 | 41 788 272 399 725 233 641 2125 524 Core 3 | 3 . . . . . . . . Treads 192 | . . . 1 . . 176 15 . Legs 5 | . . . . . . . . 5 Wheels 5548 | 38 788 272 398 725 233 465 2110 519 Hover . | . . . . . . . . . Flight . | . . . . . . . . . Fastest Speed 50 | 50 80 110 110 130 150 120 115 130 Average Speed 123 | 77 90 110 129 148 150 132 120 131 Slowest Speed 330 | 80 110 110 240 155 150 166 166 330 Overloaded Moves . | . . . . . . . . . Propulsion Burnouts . | . . . . . . . . . Robots Hopped . | . . . . . . . . . Cave-ins Triggered . | . . . . . . . . . Exploration Rate (%) 49 | 4 89 66 37 90 35 53 50 20 Regions Visited 8 Branch Regions 2 Pre-discovered Areas 10 | . 3 2 . 1 . . 4 . Known Exits Taken 5 | . 1 1 . 1 . 1 1 . Unknown Exits Taken 2 | 1 . . 1 . . . . . Scrap Searched 1 | . . 1 . . . . . . Spaces Dug 17 | . 9 . . 2 . 1 5 . Terrain Destroyed 309 | . 9 . 106 51 15 17 9 102 Melee 5 | . . . . . . . 5 . Projectile 30 | . 9 . 1 6 . 6 1 7 AOE 274 | . . . 105 45 15 11 3 95 Terrain Rammed . | . . . . . . . . . Walls Destroyed . | . . . . . . . . . Machines Disabled . | . . . . . . . . . Actions | -11 -10 -10 -9 -9 -9 -8 -7 -6 --------- Run | Yrd Mat Min Mat Sto Gar Mat Fac Fac Total 7386 | 65 1143 312 611 943 301 914 2446 651 Wait 886 | 11 291 24 93 104 30 142 154 37 Move 5740 | 40 787 271 398 724 232 640 2124 524 Hop . | . . . . . . . . . Pick Up 90 | 7 10 2 16 8 . 19 16 12 Fast Attach 40 | 5 2 . 5 7 . 6 12 3 Attach 33 | 1 1 2 6 1 . 8 6 8 Detach 6 | . . . 2 . . . 4 . Swap 91 | . 11 . 14 12 5 11 26 12 Drop 97 | . 6 . 17 20 . 24 25 5 Fire 371 | 1 35 13 59 66 34 64 57 42 Melee 6 | . . . . . . . 6 . Ram . | . . . . . . . . . Kick . | . . . . . . . . . Crush 1 | . . . 1 . . . . . Escape Stasis 24 | . . . . . . . 16 8 Rewire . | . . . . . . . . . Trap . | . . . . . . . . . Miscellaneous 1 | . . . . 1 . . . . Route ------- -11/Scrapyard -10/Materials (discovered 6 exits: *Mat x3 / *Min x2 / Sub) -10/Mines (discovered 2 exits: *Mat / Sub) -9/Materials (discovered 3 exits: *Mat / Min / *Sto) -9/Storage (discovered 2 exits: *Mat / Gar) -9/Garrison -8/Materials (discovered 2 exits: *Fac x2) -7/Factory -6/Factory History --------- Turn | Location | Event 13 | -11/Scrapyard | Discovered new exit (range 16) 62 | -11/Scrapyard | Entered Materials 243 | -10/Materials | Discovered new exit (range 11) 303 | -10/Materials | Build established: Mutant 410 | -10/Materials | Discovered new exit (range 3) 546 | -10/Materials | Discovered new exit (range 11) 1017 | -10/Materials | Identified exit to Subcaves 1030 | -10/Materials | Discovered new exit (range 11) 1064 | -10/Materials | Learned location of 2 exits from Mines 1099 | -10/Materials | Identified exit to Mines 1124 | -10/Materials | Loaded intel: 1 repair station location 1138 | -10/Materials | Loaded intel: 10 trap records 1159 | -10/Materials | Learned location of 2 exits from Subcaves 1183 | -10/Materials | Learned location of Mines (-10) 1210 | -10/Materials | Entered Mines 1211 | -10/Mines | Assembled infested the area 1211 | -10/Mines | Identified exit to Materials 1435 | -10/Mines | Learned location of Storage (-9) 1573 | -10/Mines | Entered Materials 1573 | -9/Materials | Evolved 2 slots: Utility x2 1574 | -9/Materials | Identified exit to Mines 1657 | -9/Materials | Destroyed 7 combat bots 1764 | -9/Materials | Destroyed 8 combat bots 1955 | -9/Materials | Discovered new exit (range 5) 1973 | -9/Materials | First assault squad dispatched 2397 | -9/Materials | Discovered new exit (range 6) 2407 | -9/Materials | Entered Storage 3020 | -9/Storage | Discovered new exit (range 13) 3100 | -9/Storage | Core integrity fell below 50% 3206 | -9/Storage | Assisted by bots powering up and referring to "LRC-V3" 3219 | -9/Storage | Garrison activated, responded to threat 3249 | -9/Storage | Identified exit to Garrison 3494 | -9/Storage | Build established: Commander-Mutant 3811 | -9/Storage | Entered Garrison 3811 | -9/Garrison | Accompanied by 9 allies 4017 | -9/Garrison | Triggered checkpoint 4023 | -9/Garrison | Triggered checkpoint 4064 | -9/Garrison | Lost 6 allies 4076 | -9/Garrison | Destroyed 10 combat bots 4135 | -9/Garrison | Triggered checkpoint 4194 | -9/Garrison | Installed Relay Interface Framework 4265 | -9/Garrison | Discovered new exit (range 14) 4286 | -9/Garrison | Entered Materials 4286 | -8/Materials | Evolved 2 slots: Propulsion x1, Utility x1 4325 | -8/Materials | Build established: Mutant 4488 | -8/Materials | Lost 4 parts (2u2w) 5001 | -8/Materials | Discovered new exit (range 13) 5334 | -8/Materials | Discovered new exit (range 12) 5509 | -8/Materials | Identified exit to Factory 5511 | -8/Materials | Entered Factory 5511 | -7/Factory | Evolved 2 slots: Utility x1, Weapon x1 5534 | -7/Factory | Build established: Skirmisher 5899 | -7/Factory | Repaired Arm. Treads 7163 | -7/Factory | Discovered new exit (range 9) 7185 | -7/Factory | Identified exit to Factory 8086 | -7/Factory | Build established: Tank 8515 | -7/Factory | Entered another Factory area 8515 | -6/Factory | Evolved 2 slots: Propulsion x1, Utility x1 9363 | -6/Factory | Spotted B-75 Beast 9390 | -6/Factory | Cargo convoy interrupted 9414 | -6/Factory | Self-destructed Last Messages --------------- 09403_ Hvy. Deuterium Engine destroyed. 09404_ U-05 Engineer lays Concrete. 09404_ K-01 Serf collects debris. 09405_ U-05 Engineer lays Concrete. 09406_ K-01 Serf collects debris. 09406_ U-05 Engineer lays Concrete. 09406_ Arm. Treads destroyed. 09407_ U-05 Engineer lays Concrete. 09407_ K-01 Serf collects debris. 09408_ U-05 Engineer lays Concrete. 09408_ P-60 Hacker destroyed. 09410_ K-01 Serf collects debris. 09410_ U-05 Engineer lays Concrete. 09411_ K-01 Serf collects debris. 09412_ U-05 Engineer lays Concrete. 09412_ Slug penetrates Wall. 09412_ K-01 Serf collects debris. 09413_ U-05 Engineer lays Concrete. 09414_ System corrupted: Heat flow error (+252). 09414_ U-05 Engineer lays Concrete. Map ----- +----------------------------------------------------+ | ?????????????????????????????????????????????????? | | ?????????????????????????????????????????????????? | | ?????????????????????????????????????????????????? | | ?????????????????????????????????????????????????? | | ?????????????????????????????????????????????????? | | ?????????????????????????????????????????????????? | | ???????????????????????###???????????????????????? | | ????????????????????? ???????????????????????? | | ????????????????????# ???????????????????????? | | ???????????????????? ???????????????????????? | | ????????????????????# ???????????????????????? | | ?????????????????#??# ???????????????????????? | | ????????????????? ??# ???????????????????????? | | ?????????????????? ?# ???????????????????????? | | ?????????????????? ?# ????????????????#?####?# | | ??????????????????? # #???????????????? ? | | ??????????????????? # #???????????????? "" ? | | ????????????????????+ #????????????????""S | | ????????????????????# #????########### "" | | ????????????????????# #????# # | | ????????????????????# #????# # "" "" | | ????????????????????# #????# """ !# "" "" | | ????????????????????# #????# """ "" # """ "" | | ????????????????????# #????# """ """ # """ "" | | ????????????????????# #????# R" # """ "" | | ???????????????????## @#????? = """ # | | ????????????######## ##?????? ??# | | ???????????# #########"############# | | ???????????# * ^ | | ???????????# % ] ^% | | ???????????# ! %x% % " | | ???????????# % %h % | | ???????????#! % x % | | ???????????# ! =!= !% !! "## | | ??????????#; ! % %! p !! # | | ??????????##[ !! ! * # | | ???????????# !! ### | | ???????????########## u ! #?? | | ????????????????????# k #?? | | ????????????????????# k k #?? | | ????????????????????# ############/#########?? | | ????????????????????# ???????????? ?????????? | | ????????????????????# ????????????? ????????? | | ????????????????????# k?????????????? ???????? | | ????????????????????# ??????????????? ???????? | | ????????????????????+ ???????????????????????? | | ?????????????????????? ???????????????????????? | | ?????????????????????????????????????????????????? | | ?????????????????????????????????????????????????? | | ?????????????????????????????????????????????????? | +----------------------------------------------------+ Best States ------------- Heat Dissipation 64 Energy Generation 18 Energy Capacity 310 Matter Stores 300 Matter Capacity 300 Sight Range 20 Robot Scan Range 15 Terrain Scan Density 10 Armor Coverage 375 Resistance: KI 20 Core Shielding 20 Evasion (%) 44 Recoil Reduction 3 Defensive Hacking 10 Item Schematics ----------------- None Robot Schematics ------------------ None Fabricated ------------ Nothing Alien Tech Used ----------------- None Achievements -------------- Dramatic Entrance Remodeling The More The Merrier Challenges ------------ None Game ------ Seed EfficiencyGatlingInitializer Manual? 0 Play Time 02:34:14 Cumulative 18.4 hours Start 2025.01.10 @ 10:14:11 End 2025.01.10 @ 14:10:10 Sessions 1 Manual Loads 0 Difficulty Rogue Special Mode None Game No. 15 Rogue 15 Adventurer 0 Explorer 0 Win Type - Total 0 Types 0/0/0/0/0/0/0/0/0 Lore% 6 Gallery% 16 Achievement% 18 Wizard Run 0 Options --------- Layout 1 ASCII 0 Keyboard 0 Movement Mouse Keybinds 0 Fullscreen 1 Font 24/Smallcaps Map View 50x35 Zoom Use 0% Tactical HUD 1 Map Filters NONE Filters NONE Steam 0 RUN: 9c6450d0-7a74-4a5d-980f-58f0b0cd2aa3